 Dungeon Crawl Stone Soup version bcrawl-1.40.3b (webtiles) character file.

Game seed: 7210285695674088050

284463 rumpelstilzz the Sneak (level 10, -4/65 (66) HPs)
             Began as an Octopode Venom Mage on Jan 10, 2024.
             Was a Priest of Dithmenos.
             Slain by a troll zombie (15 damage)
             ... on level 8 of the Dungeon.
             The game lasted 00:27:24 (7974 turns).

rumpelstilzz the Sneak (Octopode Venom Mage)        Turns: 7974, Time: 00:27:24

HP:   -4/65 (66)    AC:  3    Str:  7    XL:     10   Next: 24%
MP:   17/17         EV: 16    Int: 20    God:    Dithmenos [***...]
Gold: 478           SH:  0    Dex: 16    Spells: 10/19 levels left

rFire    . . .     GDR:     28% c - +1 trident (elec)
rCold    + . .     SeeInvis .   (no shield)
rNeg     . . .     Gourm    .   f - +2 hat
rPois    .         Faith    .   (cloak restricted)
rElec    .         Spirit   .   (no amulet)
rCorr    .         Reflect  .   n - ring of Doubts {*Contam Str-3 Dex+3 Slay+5 Stlth--} (curse)
MR       .....                  y - ring of protection from cold
Stlth    +++.......             z - ring "Eckuc" {+Fly Int+2}
HPRegen  0.20/turn              (no ring)
MPRegen  0.15/turn              (no ring)
                                (no ring)
                                (no ring)
                                (no ring)

@: slowed, wreathed by umbra, very slow
A: almost no armour, stealthy swim, resist paralysis, amphibious, 8 rings,
constrict 8, camouflage 1, gelatinous body 1
a: Shadow Step, Renounce Religion, Evoke Flight


You were on level 8 of the Dungeon.
You worshipped Dithmenos.
Dithmenos was most pleased with you.
You were very hungry.

You visited 2 branches of the dungeon, and saw 9 of its levels.
You also visited: Ossuary.

You collected 478 gold pieces.

Inventory:

Hand Weapons
 c - a +1 trident of electrocution (weapon)
Missiles
 s - a throwing net {=f}
Armour
 f - a +2 hat (worn)
Jewellery
 n - the cursed ring of Doubts (left tentacle) {*Contam Str-3 Dex+3 Slay+5 Stlth--}
   (You found it on level 4 of the Dungeon)

   [ring of attention]

   It affects your strength (-3).
   It affects your dexterity (+3).
   It affects your accuracy and damage with ranged weapons and melee attacks
   (+5).
   It causes magical contamination when unequipped.
   It makes you much less stealthy.
   It has a curse placed upon it.
 y - a ring of protection from cold (right tentacle)
 z - the ring "Eckuc" (on tentacle) {+Fly Int+2}
   (You found it on level 6 of the Dungeon)

   [ring of flight]

   It affects your intelligence (+2).
   It lets you fly.
Scrolls
 g - 2 scrolls of blinking
 h - 2 scrolls of remove curse
 k - 2 scrolls of fear
 o - 3 scrolls of teleportation
 p - 2 scrolls of enchant armour
 r - a scroll of fog
 v - a scroll of revelation
Potions
 a - 8 potions of curing
 b - a potion of berserk rage
 d - 3 potions of resistance
 j - 4 potions of heal wounds
 l - 2 potions of brilliance
 m - a potion of lignification {unknown}
 q - 2 potions of might
 u - 3 potions of agility
 w - 3 potions of cancellation
 x - 3 potions of haste
Comestibles
 e - 14 rations {!d}


   Skills:
 * Level 5.3 Fighting
   Level 1.0(1.3) Short Blades
   Level 1.1(1.3) Long Blades
 + Level 2.8 Polearms
 * Level 5.6 Dodging
 + Level 6.5 Stealth
 + Level 3.3 Unarmed Combat
 * Level 5.3 Spellcasting
 + Level 3.8 Conjurations
 + Level 3.5 Summonings
 + Level 3.5 Transmutations
 + Level 3.3 Fire Magic
 + Level 6.0 Poison Magic
 + Level 1.5 Invocations


You had 10 spell levels left.
You knew the following spells:

 Your Spells              Type           Power        Failure   Level  Hunger
a - Sting                 Conj/Pois      ####         1%          1    None
b - Ignite Poison         Fire/Tmut/Pois ###.....     5%          3    ##.....
c - Summon Scorpions      Summ/Pois      ###.....     16%         4    ####...
d - Beastly Appendage     Tmut           ###...       2%          1    None

Your spell library contained the following spells:

 Spells                   Type           Power        Failure   Level  Hunger
 Poisonous Vapours        Pois/Air       ###...       4%          2    None
 Sticks to Snakes         Tmut           ###.....     4%          2    None
 Spider Form              Tmut/Pois      ###          4%          3    ##.....
 Passwall                 Tmut/Erth      ##......     9%          2    None
 Olgreb's Toxic Radiance  Pois           ####.....    10%         4    ####...
 Venom Bolt               Conj/Pois      ####......   38%         5    ######.
 Ice Form                 Ice/Tmut       ##......     47%         4    ####...
 Blade Hands              Tmut           ###.......   58%         5    ######.


Dungeon Overview and Level Annotations

Branches:
Dungeon (8/12)             Temple (1/1) D:4
   Lair: D:7-9          Orc: D:8-11

Altars:
Ashenzari
Cheibriados
Dithmenos
Elyvilon
Fedhas
Gozag
Hepliaklqana
Kikubaaqudgha
Lugonu
Makhleb
Nemelex Xobeh
Okawaru
Qazlal
Ru
Sif Muna
Trog
Uskayaw
Vehumet
Wu Jian
Xom
Yredelemnul
Zin
The Shining One

Shops:
D:5 ?%((:


Innate Abilities, Weirdness & Mutations

You cannot wear most types of armour.
You are very stealthy in the water. (Stealth+)
Your unusual nervous system resists paralysis.
You are amphibious.
You can wear up to eight rings at the same time.
You can use your tentacles to constrict eight enemies at once.
Your skin changes colour to match your surroundings (Stealth+).
Your rubbery body absorbs attacks. (AC +1, EV +1)


Message History

Your squeeze misses the wraith.
The wraith is heavily damaged.
The wraith hits you! The wraith drains your vigour!
You feel yourself slow down.
You hit the wraith but do no damage.
You tentacle-slap the wraith, but do no damage.
You squeeze the wraith, but do no damage.
The wraith is heavily damaged.
The wraith completely misses you. The wraith closely misses you.
You puncture the wraith!
Your tentacle-slap misses the wraith.
The wraith is severely damaged.
The wraith hits you! The wraith drains your vigour!
You feel as though you will be slow longer.
You hit the wraith but do no damage.
You squeeze the wraith, but do no damage.
The wraith is severely damaged.
The wraith closely misses you. The wraith hits you!
* * * LOW HITPOINT WARNING * * *
The troll zombie bites you!
You die...

#### ...# ##.# ###
## ##.##### ###
#.######.
....#..###.###....
.. ###
.#+#..#....##..##
$#... .+
+.###.^......###..#
.# ###
####.####...# ##
#.##..#@##.....# ..
#.#...Z#W.#....#
###
##..##........## #
#.#...# #...### #
#.###.# .#..# # Z.
.... ...## #.Z .#
..# ### .#. # #.#
.Z## .#


You could see a wraith and a troll zombie.

Vanquished Creatures
  Pikel (D:7)
  A troll (D:6)
  Eustachio (D:6)
  A hungry ghost (D:5)
  Edmund (D:6)
  A water moccasin (D:6)
  Duvessa (D:7)
  An orc warrior (D:7)
  A necrophage (D:6)
  6 ogres
  A phantom (D:8)
  2 kobold brigands
  2 bullfrogs
  Blork the orc (D:6)
  Dowan (D:7)
  2 centaurs
  2 scorpions
  A troll zombie (D:8)
  5 wights (D:7)
  5 crimson imps
  Crazy Yiuf (D:6)
  8 hounds
  An iguana (D:7)
  An orc wizard (D:3)
  Terence (D:2)
  9 worker ants
  2 ogre zombies (D:8)
  2 hound skeletons (D:4)
  Robin (D:4)
  5 mummies
  A howler monkey skeleton (D:5)
  5 adders
  2 gnolls
  2 oozes
  3 adder zombies
  4 worms
  5 dart slugs (D:1)
  5 leopard geckos
  8 orcs
  A ball python (D:1)
  6 giant cockroaches
  10 goblins
  11 hobgoblins
  6 jackals
  A quokka (D:6)
  4 bats
  6 frilled lizards
  8 goblin zombies
  4 hobgoblin zombies
  A jackal zombie (D:5)
  11 kobolds
  6 kobold zombies
  9 orc zombies (D:8)
  A quokka skeleton (D:5)
  5 quokka zombies (Ossuary)
  13 rats
  2 rat zombies (Ossuary)
208 creatures vanquished.

Vanquished Creatures (collateral kills)
  A bullfrog (D:6)
  A worker ant (D:5)
  A jackal (D:6)
3 creatures vanquished.

Grand Total: 211 creatures vanquished

Notes
Turn   | Place    | Note
-------+----------+-------------------------------------------
     0 | D:1      | rumpelstilzz the Octopode Venom Mage began the quest for
                  | the Orb.
     0 | D:1      | Reached XP level 1. HP: 11/11 MP: 3/3
   250 | D:1      | Reached XP level 2. HP: 17/17 MP: 0/5
   411 | D:1      | Reached XP level 3. HP: 13/21 MP: 6/6
   415 | D:1      | Learned a level 3 spell: Ignite Poison
  1058 | D:2      | Reached skill level 1 in Fighting
  1061 | D:2      | Reached XP level 4. HP: 27/28 MP: 5/7
  1155 | D:2      | Noticed Terence
  1171 | D:2      | Killed Terence
  1691 | D:2      | Reached XP level 5. HP: 33/33 MP: 8/8
  1696 | D:2      | Learned a level 4 spell: Summon Scorpions
  1712 | D:2      | Reached skill level 1 in Short Blades
  1728 | D:2      | Found a shimmering blue altar of Sif Muna.
  2564 | D:4      | Reached skill level 1 in Fire Magic
  2595 | D:4      | Reached XP level 6. HP: 25/39 MP: 7/10
  2667 | D:4      | Reached skill level 1 in Unarmed Combat
  2667 | D:4      | Reached skill level 1 in Transmutations
  2822 | D:4      | Found a staircase to the Ecumenical Temple.
  2854 | D:4      | Reached skill level 1 in Summonings
  2980 | Temple   | Entered the Ecumenical Temple
  3275 | Temple   | Became a worshipper of Dithmenos the Shadowed
  3317 | D:4      | Reached XP level 7. HP: 23/45 MP: 11/11
  3569 | D:4      | Reached skill level 1 in Long Blades
  3885 | D:4      | Got a slimy turquoise ring
  3939 | D:4      | Noticed Robin
  3963 | D:4      | Killed Robin
  4262 | D:5      | Entered Level 5 of the Dungeon
  4313 | D:5      | Identified the cursed ring of Doubts {*Contam Str-3 Dex+3
                  | Slay+5 Stlth--} (You found it on level 4 of the Dungeon)
  4369 | D:5      | Found Qytroaro's Weapon Boutique.
  4406 | D:5      | Reached skill level 5 in Stealth
  4406 | D:5      | Reached XP level 8. HP: 52/52 MP: 4/13
  4455 | D:5      | Found Jaipexay's Food Boutique.
  4580 | D:5      | Reached skill level 1 in Polearms
  4653 | D:5      | Found Mois's Magic Scroll Shoppe.
  4697 | D:5      | Found a basalt altar of Yredelemnul.
  4697 | D:5      | Found a snail-covered altar of Cheibriados.
  4815 | D:5      | Found Jehug's Weapon Boutique.
  4844 | D:5      | Found Biotedd's Book Emporium.
  5192 | D:6      | Noticed Edmund
  5204 | D:6      | Killed Edmund
  5353 | D:6      | Reached skill level 5 in Poison Magic
  5366 | D:6      | Noticed Blork the orc
  5373 | D:6      | Killed Blork the orc
  5638 | D:6      | Found a sand-covered staircase.
  5644 | Ossuary  | Entered an ossuary
  5734 | Ossuary  | Reached * piety under Dithmenos
  5803 | Ossuary  | Reached XP level 9. HP: 58/58 MP: 15/15
  5999 | D:6      | Noticed Eustachio
  6009 | D:6      | Killed Eustachio
  6263 | D:6      | Got a faintly glowing brass ring
  6430 | D:6      | Noticed a troll
  6435 | D:6      | Killed a troll
  6512 | D:6      | Found a runed door.
  6599 | D:6      | Noticed Crazy Yiuf
  6601 | D:6      | Killed Crazy Yiuf
  6640 | D:6      | Learned a level 1 spell: Beastly Appendage
  6654 | D:6      | Reached skill level 5 in Dodging
  6800 | D:7      | Reached ** piety under Dithmenos
  6842 | D:7      | Noticed Duvessa
  6843 | D:7      | Noticed Dowan
  6853 | D:7      | Killed Duvessa
  6870 | D:7      | Killed Dowan
  7135 | D:7      | Found a sparkling altar of Nemelex Xobeh.
  7316 | D:7      | Reached skill level 1 in Invocations
  7319 | D:7      | Reached skill level 5 in Spellcasting
  7502 | D:7      | Identified the ring "Eckuc" {+Fly Int+2} (You found it on
                  | level 6 of the Dungeon)
  7521 | D:7      | Reached skill level 5 in Fighting
  7521 | D:7      | Reached XP level 10. HP: 63/65 MP: 17/17
  7696 | D:7      | Noticed Pikel
  7699 | D:7      | Killed Pikel
  7966 | D:8      | Reached *** piety under Dithmenos
  7974 | D:8      | Slain by a troll zombie

Skill      XL: |  1  2  3  4  5  6  7  8  9 10 |
---------------+-------------------------------+-----
Poison Magic   | 4 5 6 |  6.0
Fighting       | 1 2 3 5 |  5.3
Stealth        | 4 5 6 |  6.5
Short Blades   | 1 |  1.0
Fire Magic     | 1 2 3 |  3.3
Unarmed Combat | 1 2 3 |  3.3
Transmutations | 1 2 3 |  3.5
Summonings     | 1 2 3 |  3.5
Dodging        | 3 4 5 |  5.6
Spellcasting   | 3 4 5 |  5.3
Conjurations   | 2 3 |  3.8
Long Blades    | 1 |  1.1
Polearms       | 1 2 |  2.8
Invocations    | 1 |  1.5

Action                   |  1- 3 |  4- 6 |  7- 9 | 10-12 || total
-------------------------+-------+-------+-------+-------++-------
Melee: Unarmed           |    15 |       |       |       ||    15
       Constrict         |    13 |    25 |    49 |     9 ||    96
       Tentacles         |    14 |    21 |    36 |     9 ||    80
       Dagger            |    41 |    31 |       |       ||    72
       Short sword       |       |     8 |       |       ||     8
       Falchion          |       |    74 |    24 |       ||    98
       Trident           |       |       |   176 |    56 ||   232
       Punch             |       |       |     5 |     2 ||     7
 Cast: Sting             |    11 |    45 |    68 |       ||   124
       Ignite Poison     |       |     1 |     7 |       ||     8
       Summon Scorpions  |       |     1 |     4 |       ||     5
  Use: Scroll            |     5 |     3 |     9 |     3 ||    20
 Stab: Sleeping          |    20 |     7 |    11 |     4 ||    42
       Distracted        |       |       |     1 |       ||     1
  Eat: Chunk             |     2 |    10 |    22 |     1 ||    35
       Ration            |       |       |     1 |       ||     1
Armor: Skin              |       |     4 |    15 |     3 ||    22
Dodge: Dodged            |    23 |    69 |   149 |    32 ||   273
